[Event "*** Titled Tuesday 3|2 Blitz"]
[Site "Chess.com"]
[Date "2016.09.06"]
[Round "3"]
[White "Krutoy123"]
[Black "wonderfultime"]
[Result "0-1"]
[WhiteElo "2504"]
[BlackElo "2685"]
[TimeControl "180+2"]
[EndTime "17:36:10 PDT"]
[Termination "wonderfultime won by resignation"]

1. e4 c5 2. Nf3 d6 3. d4 cxd4 4. Nxd4 Nf6 5. f3 Nc6 6. c4 e6 7. Nc3 Be7 8. Be3 O-O 9. Qd2 a6 10. Be2 Bd7 11. O-O Rc8 12. Rac1 Ne5 13. b3 Qc7 14. Rfd1 Qb8 15. h3 Rfd8 16. f4 Nc6 17.
Bf3 Nxd4 18. Bxd4 Bc6 19. a4 a5 20. Qf2 Nd7 21. Qg3 Bf6 22. Bxf6 Nxf6 23. Rd3 Nd7 24.
Re3 Nc5 25. Bd1 Qa7 26. Kh1 Nd7 27. Bc2 Qc5 28. Rd1 Qa3 29. e5 dxe5 30. Qh4 Nf6 31. Rg3 Rxd1+ 32. Nxd1 Ne4 33. Bxe4 Bxe4 34. fxe5 Bg6 35.
Qd4 h6 36. Nf2 Qe7 37. Qd2 Rd8 38. Qxa5 Kh7 39. Qc3 Qh4 40. Qe3 Qe7 41. Rf3 Rd7 42. Kh2 Qb4 43. Qf4 Rd2 44. Ne4 Rb2 45. Nd6 Rxb3 46.
Rxb3 Qxb3 47. Nxf7 Qxa4 48. Nd6 Qc6 49. Qf3 Qc5 50.
Qf4 b6 51. Nb5 Bd3 52. Nd6 Bg6 53.
h4 Bd3 54. h5 Qb4 55. Qe3 Qb1 56. Ne8 Qd1 57. Qh3 Bxc4 58. Qh4 Bd5 59. Nd6 Qe2 60. Qg3 Qxh5+ 61. Kg1 Qg6 62. Qf2 h5 63. Kh2 Qg5 64.
Qg3 Qxg3+ 65. Kxg3 g5 66. Kh3 Kg6 67. g4 hxg4+ 68.
Kxg4 Bc6 69. Nc4 b5 70. Nd2 b4 0-1

[Event "*** Titled Tuesday 3|2 Blitz"]
[Site "Chess.com"]
[Date "2016.09.06"]
[Round "3"]
[White "dusanacns"]
[Black "psv98"]
[Result "0-1"]
[WhiteElo "2546"]
[BlackElo "2540"]
[TimeControl "180+2"]
[EndTime "17:36:55 PDT"]
[Termination "psv98 won by resignation"]

1. g3 Nf6 2. Bg2 d5 3. d3 c6 4. Nf3 g6 5. O-O Bg7 6. Nbd2 O-O 7. e4 Bg4 8. h3 Bxf3 9. Qxf3 e6 10. Qe2 a5 11. Nf3 a4 12. a3 Na6 13. e5 Nd7 14. h4 h5 15. Re1 b5 16. Bf4 Qb6 17. Qd2 b4 18. Bh6 bxa3 19. bxa3 Rab8 20. Bxg7 Kxg7 21. Qf4 Nac5 22. Nd4 Qc7 23. Qe3 Rb2 24. Bh3 Rfb8 25. Qg5 Qb6 26. Qf4 Nf8 27. Kg2 Ne4 28. Qe3 Nc3 29.
Qf4 c5 30. Nf3 Rxc2 31. Ng5 Qc7 32. Qf6+ Kg8 33. Re3 d4 34. Rf3 Nd5 35. Qxf7+ Qxf7 36. Rxf7 Rbb2 37. Rf3 Ne3+ 38. Kg1 Nf5 39. g4 hxg4 40.
Bxg4 Nxh4 41. Rf6 Nf5 42. Nxe6 Nxe6 43. Rxe6 Rxf2 44. Rxg6+ Kh7 45. Bxf5 Rxf5 46. Rg2 Rxg2+ 47. Kxg2 Rxe5 48. Rc1 Kg6 49. Rc4 Kf6 50. Rxa4 Ke6 51. Ra8 Kd6 52. Rf8 Re3 53. Rf3 Re2+ 54. Rf2 Re3 55.
Rf3 Re8 56. Rf2 Kc6 57. Ra2 Re3 58. Rd2 Kb5 59. Kf2 Ka4 60. Rc2 Re5 61. Kf3 Kxa3 62.
Kf4 Rh5 63. Rc4 Kb3 64. Ke4 Rg5 65. Kf4 Rd5 66. Ke4 Rh5 67. Kf4 Kb2 68. Ke4 Rg5 69. Kf4 Rh5 70. Ke4 Ka3 71. Kf4 Kb3 72. Ke4 Rh4+ 73. Kf3 Rh3+ 74. Ke2 Rh5 75. Kf3 Re5 76. Kf4 Re3 77. Rxc5 Rxd3 78. Ke4 Rd1 79. Rd5 Kc4 80. Rd8 Re1+ 81. Kf3 d3 82. Kf2 Re7 83. Ra8 d2 84.
Rc8+ Kd3 85. Rd8+ Kc2 86. Rc8+ Kd1 87. Rd8 Re5 88. Rc8 Rf5+ 89. Kg2 Ke2 0-1

[Event "*** Titled Tuesday 3|2 Blitz"]
[Site "Chess.com"]
[Date "2016.09.06"]
[Round "3"]
[White "GianmarcoVaR"]
[Black "Rsnr"]
[Result "0-1"]
[WhiteElo "2421"]
[BlackElo "2536"]
[TimeControl "180+2"]
[EndTime "17:37:25 PDT"]
[Termination "Rsnr won by resignation"]

1. d4 d5 2. Nf3 Nf6 3. c4 c6 4. e3 Bg4 5. h3 Bh5 6. Qb3 Qb6 7. Nc3 e6 8. Ne5 Nbd7 9. g4 Bg6 10. Nxg6 hxg6 11.
Bg2 Bb4 12. Bd2 Bxc3 13. Bxc3 Ne4 14. Bxe4 Qxb3 15. axb3 dxe4 16. Ke2 f6 17. Bb4 Kf7 18. Bd6 a6 19. f3 exf3+ 20. Kxf3 Rhd8 21. h4 Rh8 22. Ra5 Rac8 23. Bg3 Rhe8 24. h5 g5 25. Rd1 Red8 26.
b4 Nb6 27. b3 e5 28. Bf2 Rd7 29. Rf1 exd4 30. exd4 Na8 31. Re1 Nc7 32. Ra2 Ne6 33. Rae2 Re8 34. Re4 Nc7 35. Rxe8 Nxe8 36. Re4 Nc7 37.
Bg3 Ne6 38. Ke3 Rd8 39. Kd3 Rd7 40. Kc3 Nd8 41. Bf2 Ne6 42. Be3 Nd8 43. Kb2 b5 44.
Kc3 Ne6 45. Bd2 Re7 46. Be3 Rd7 47. Bd2 Re7 48. Be3 Rd7 49. Bf2 Nf4 50. Bg3 Ne6 51. Bh2 Rd8 52. Bg3 Rd7 53. Bf2 Nf4 54.
Be3 Ne6 55. Bc1 Re7 56. Kd3 Rd7 57. Be3 a5 58. Kc3 bxc4 59. bxc4 axb4+ 60. Kxb4 Rb7+ 61. Kc3 Nc7 62. Bc1 Ne6 63. Ba3 Nf4 64. Bd6 Ne6 65. d5 cxd5 66. cxd5 Nd8 67. Kc4 Rd7 68. Bc5 Nb7 69. Kd4 Na5 70. Re6 Nb3+ 71. Kc4 Nd2+ 72. Kb5 Rxd5 73. Re7+ Kg8 74. Re8+ Kh7 75. Kc6 Rd3 76.
Re7 Nf3 77. Rb7 Ne5+ 78. Kc7 Rd7+ 79. Kb6 Rxb7+ 80. Kxb7 Nxg4 81. Kc6 Kh6 82. Bf8 f5 83. Kd5 f4 84. Ke4 Nf6+ 85. Kf5 Nxh5 86. Be7 Ng3+ 87. Kg4 Ne4 88. Kf5 Nf6 89. Bc5 Kh5 90. Bf8 f3 91. Bc5 Ng4 92. Be3 Nxe3+ 0-1

[Event "*** Titled Tuesday 3|2 Blitz"]
[Site "Chess.com"]
[Date "2016.09.06"]
[Round "4"]
[White "rozabaku"]
[Black "hypert"]
[Result "0-1"]
[WhiteElo "2206"]
[BlackElo "2330"]
[TimeControl "180+2"]
[EndTime "17:39:12 PDT"]
[Termination "hypert won by resignation"]

1. d4 Nf6 2. c4 e6 3. Nc3 Bb4 4. Qc2 Nc6 5. Nf3 d5 6. Bg5 h6 7.
Bxf6 Qxf6 8. e3 a6 9. a3 Bd6 10. Be2 dxc4 11. Bxc4 O-O 12. O-O e5 13. dxe5 Nxe5 14. Be2 Bf5 15. b3 Bxc2 0-1

[Event "*** Titled Tuesday 3|2 Blitz"]
[Site "Chess.com"]
[Date "2016.09.06"]
[Round "4"]
[White "OparinGrigoriy"]
[Black "Rumpel-VK"]
[Result "1-0"]
[WhiteElo "2605"]
[BlackElo "2436"]
[TimeControl "180+2"]
[EndTime "17:39:25 PDT"]
[Termination "OparinGrigoriy won by resignation"]

1. e4 d6 2. d4 Nf6 3. Nc3 e5 4. Nf3 Nbd7 5. g4 Nxg4 6. Rg1 Ngf6 7. Be3 c6 8. Qd2 b5 9. O-O-O b4 10. dxe5 dxe5 11. Bc4 h6 12. Nxe5 1-0

[Event "*** Titled Tuesday 3|2 Blitz"]
[Site "Chess.com"]
[Date "2016.09.06"]
[Round "4"]
[White "BellJackson95"]
[Black "spirals5"]
[Result "0-1"]
[WhiteElo "2139"]
[BlackElo "2269"]
[TimeControl "180+2"]
[EndTime "17:42:39 PDT"]
[Termination "spirals5 won by checkmate"]

1. e4 c5 2. Nf3 d6 3. d4 cxd4 4. Nxd4 Nf6 5. Nc3 a6 6. f3 e5 7. Nb3 Be6 8. Be3 h5 9. Qd2 Nbd7 10. O-O-O Be7 11. h3 h4 12. Kb1 b5 13. Bg5 Rc8 14. Bxf6 Nxf6 15. Nd5 Nxd5 16. exd5 Bf5 17. Rc1 O-O 18.
f4 Bf6 19. Na5 Re8 20. Nc6 Qb6 21. fxe5 Bxe5 22. Qg5 Rxc6 23. dxc6 Qd4 24. Qxf5 Qxb2# 0-1

[Event "*** Titled Tuesday 3|2 Blitz"]
[Site "Chess.com"]
[Date "2016.09.06"]
[Round "4"]
[White "dretch"]
[Black "Elshan1985"]
[Result "1-0"]
[WhiteElo "2629"]
[BlackElo "2584"]
[TimeControl "180+2"]
[EndTime "17:43:24 PDT"]
[Termination "dretch won by checkmate"]

1. d4 Nf6 2. c4 e6 3. Nc3 Bb4 4. Qc2 b6 5. e4 c5 6. a3 Bxc3+ 7.
bxc3 Bb7 8. Bd3 b5 9. e5 bxc4 10. exf6 cxd3 11. fxg7 Rg8 12. Qxd3 Bxg2 13. Qxh7 Ke7 14.
Bg5+ f6 15. Qg6 fxg5 16. Qxg5+ Kf7 17. Qxg2 Nc6 18. Qf3+ Qf6 19. Qh5+ Kxg7 20. Qxc5 Rgf8 21. Nh3 Qf3 22. Rg1+ Kh8 23. Qg5 Qe4+ 24. Kd2 Qh7 25. Rg4 Rf5 26. Qh4 Rb8 27. Qxh7+ Kxh7 28. Rag1 Rh5 29.
Ng5+ Kh8 30. Nf7+ Kh7 31. Rg7# 1-0

[Event "*** Titled Tuesday 3|2 Blitz"]
[Site "Chess.com"]
[Date "2016.09.06"]
[Round "4"]
[White "Quiet_Desperation"]
[Black "lionheart95"]
[Result "0-1"]
[WhiteElo "2225"]
[BlackElo "2437"]
[TimeControl "180+2"]
[EndTime "17:43:24 PDT"]
[Termination "lionheart95 won by resignation"]

1. e4 e6 2. d4 d5 3. Nc3 Nf6 4. e5 Nfd7 5. f4 c5 6. Nf3 Nc6 7. Be3 Be7 8. Qd2 O-O 9. dxc5 Bxc5 10. O-O-O a6 11. h4 b5 12. Bxc5 Nxc5 13. Bd3 b4 14.
Ne2 a5 15. Kb1 Ba6 16. h5 Qd7 17. g4 Rfc8 18. Ng5 Nxd3 19. cxd3 a4 20. h6 g6 21. f5 Nxe5 22. Qe3 Nxg4 23. Qd4 f6 24. fxg6 e5 25.
gxh7+ Kh8 26. Qb6 Rc6 27. Nf7+ Kxh7 28. Qxb4 d4 29. Rhg1 Rg8 30. Rc1 Rxc1+ 31. Rxc1 Qxf7 32. Qxa4 Bxd3+ 0-1

[Event "*** Titled Tuesday 3|2 Blitz"]
[Site "Chess.com"]
[Date "2016.09.06"]
[Round "4"]
[White "bilelou"]
[Black "andretta"]
[Result "1-0"]
[WhiteElo "2280"]
[BlackElo "2272"]
[TimeControl "180+2"]
[EndTime "17:43:38 PDT"]
[Termination "bilelou won by resignation"]

1. d4 e6 2. c4 d5 3. Nf3 Nf6 4. g3 Be7 5. Bg2 O-O 6. O-O Nbd7 7.
Qc2 c6 8. Nbd2 b6 9. e4 Bb7 10. cxd5 cxd5 11. e5 Ne8 12. Re1 Rc8 13. Qa4 Qc7 14.
Bf1 Bc6 15. Qd1 Qb8 16. h4 Bb7 17. Bd3 Nc7 18. Nf1 Ba6 19. Bb1 Rfd8 20. N1h2 Nf8 21. h5 Ne8 22. Ng4 Rc7 23. Ng5 Rdd7 24. h6 g6 25. Qf3 Bd8 26. Bf4 Bb5 27. a4 Bc4 28. b3 Ba6 29. Ra2 Qc8 30. Bd2 Kh8 31. Kg2 Kg8 32.
Rh1 Kh8 33. Bb4 Kg8 34. Bxf8 1-0

[Event "*** Titled Tuesday 3|2 Blitz"]
[Site "Chess.com"]
[Date "2016.09.06"]
[Round "4"]
[White "Abrito99"]
[Black "Gabrielian_Artur"]
[Result "0-1"]
[WhiteElo "2411"]
[BlackElo "2529"]
[TimeControl "180+2"]
[EndTime "17:43:47 PDT"]
[Termination "Gabrielian_Artur won by resignation"]

1. e4 c5 2. d4 cxd4 3. c3 dxc3 4. Nxc3 Nc6 5. Nf3 e6 6. Bc4 a6 7. O-O Qc7 8. Qe2 b5 9. Bb3 Bc5 10.
Bg5 h6 11. Bh4 Nge7 12. Nd5 exd5 13. exd5 Na5 14. d6 Bxd6 15. Rac1 Nc6 16. Nd4 Nxd4 17. Bxf7+ Kxf7 18. Qh5+ g6 19. Qg4 Ndc6 20. Qf3+ Kg8 21. Rfe1 Rh7 22. Qb3+ Kf8 23. Qf3+ Rf7 24. Qc3 Bxh2+ 25.
Kh1 Be5 26. Qe3 g5 27. Bxg5 hxg5 28. Qxg5 Bb7 29. Re3 Bf4 30. Qh5 Bxe3 31. Qh8+ Ng8 32. fxe3 0-1

[Event "*** Titled Tuesday 3|2 Blitz"]
[Site "Chess.com"]
[Date "2016.09.06"]
[Round "4"]
[White "theprosecution1"]
[Black "papapizza_old"]
[Result "1-0"]
[WhiteElo "2457"]
[BlackElo "2221"]
[TimeControl "180+2"]
[EndTime "17:44:08 PDT"]
[Termination "theprosecution1 won by resignation"]

1. d4 d5 2. c4 e6 3. Nc3 Nf6 4. Bg5 Be7 5. cxd5 exd5 6. e3 c6 7. Qc2 O-O 8. Bd3 h6 9. Bh4 Re8 10. Nf3 Ne4 11. Bxe7 Qxe7 12. O-O Bf5 13. Rab1 Nxc3 14.
bxc3 Bxd3 15. Qxd3 Qc7 16. c4 dxc4 17. Qxc4 Nd7 18.
a4 Rad8 19. Rfc1 Nf6 20. Ne5 Nd5 21. Rb3 Kh8 22. Rcb1 Re7 23. h3 Nb6 24. Qb4 Rb8 25.
a5 Nd5 26. Qc5 Ra8 27. Rxb7 Qxb7 28. Rxb7 Rxb7 29. Qxc6 Rb1+ 30. Kh2 1-0

[Event "*** Titled Tuesday 3|2 Blitz"]
[Site "Chess.com"]
[Date "2016.09.06"]
[Round "4"]
[White "Krutoy123"]
[Black "dusanacns"]
[Result "0-1"]
[WhiteElo "2491"]
[BlackElo "2554"]
[TimeControl "180+2"]
[EndTime "17:44:21 PDT"]
[Termination "dusanacns won on time"]

1. e4 d6 2. d4 Nf6 3. Nc3 e5 4. Nf3 exd4 5. Nxd4 Be7 6. g3 Nc6 7. Bg2 Bg4 8. f3 Nxd4 9. Qxd4 Be6 10. O-O O-O 11.
Be3 c6 12. Qd2 Qc7 13. Rad1 Rfd8 14. Ne2 d5 15. exd5 Nxd5 16. Bf2 Bf5 17. Nd4 Bg6 18. Qc1 h5 19. a3 h4 20. c4 Nf6 21. Qc3 hxg3 22. hxg3 Bd6 23. Ne2 Be5 24. Qb3 b6 25. f4 Bd6 0-1

[Event "*** Titled Tuesday 3|2 Blitz"]
[Site "Chess.com"]
[Date "2016.09.06"]
[Round "4"]
[White "FearlessKing64"]
[Black "Rating-Schmating"]
[Result "1/2-1/2"]
[WhiteElo "2308"]
[BlackElo "2214"]
[TimeControl "180+2"]
[EndTime "17:44:22 PDT"]
[Termination "Game drawn by agreement"]

1. e4 e6 2. d4 d5 3. Nc3 Bb4 4. exd5 exd5 5. Bd3 Ne7 6. a3 Bd6 7. Qf3 c6 8. Nge2 O-O 9. O-O Ng6 10. g3 Bh3 11.
Re1 Nd7 12. Nf4 Nxf4 13. Bxf4 Bxf4 14. Qxf4 Qf6 15. Ne2 Rae8 16. c3 Be6 17. Qd2 Bg4 18. Nf4 Qd6 19. Qc2 Nf6 20. Kg2 Bd7 21. f3 h6 22. Kf2 Rxe1 23. Rxe1 Re8 24. Rxe8+ Bxe8 25. Qe2 Kf8 26. Bf5 Bd7 27. Bxd7 Nxd7 28. Nd3 f6 29. Nf4 Kf7 30. Qd3 Nf8 31. h4 g5 32. hxg5 hxg5 33.
Ng2 Ng6 34. Ne3 Qe6 35. Kg2 b6 36. Nf5 Ne7 37. Nxe7 Kxe7 38. Qh7+ Qf7 39. Qxf7+ Kxf7 40. Kh3 Kg6 41. g4 Kf7 42. Kg3 Ke6 43. f4 Kd6 44. f5 c5 45. Kf3 cxd4 46. cxd4 Kc6 47. Ke3 Kb5 48. b3 a5 49. Kd3 a4 50. b4 Kc6 51.
Kc3 1/2-1/2

[Event "*** Titled Tuesday 3|2 Blitz"]
[Site "Chess.com"]
[Date "2016.09.06"]
[Round "4"]
[White "pedromartinez91"]
[Black "MaestroASK"]
[Result "0-1"]
[WhiteElo "2364"]
[BlackElo "2475"]
[TimeControl "180+2"]
[EndTime "17:44:33 PDT"]
[Termination "MaestroASK won by checkmate"]

1. e4 d6 2. d4 g6 3. Nc3 c6 4. Nf3 Bg7 5. a4 e5 6. dxe5 dxe5 7. Qxd8+ Kxd8 8. Be3 f6 9. h4 h5 10. Bc4 Ke8 11.
Ke2 Bh6 12. Bxg8 Bxe3 13. Kxe3 Rxg8 14. Rhd1 a5 15. Nd2 Be6 16. Nb3 Bxb3 17. cxb3 Ke7 18. Rac1 Na6 19. Ne2 Rgd8 20. f4 Rxd1 21. Rxd1 Nc5 22.
Ng3 exf4+ 23. Kxf4 Nxb3 24. e5 Rf8 25. exf6+ Rxf6+ 26. Kg5 Re6 27. Rf1 Nc5 28. Rf4 Nd3 29. Rd4 Ne5 30. Ne4 b6 31. Kf4 Nf7 32. b4 axb4 33. Rxb4 c5 34. Rb1 Nd6 35. Ng5 Rf6+ 36. Ke5 Rf5# 0-1

[Event "*** Titled Tuesday 3|2 Blitz"]
[Site "Chess.com"]
[Date "2016.09.06"]
[Round "4"]
[White "wonderfultime"]
[Black "Rsnr"]
[Result "1-0"]
[WhiteElo "2690"]
[BlackElo "2531"]
[TimeControl "180+2"]
[EndTime "17:44:46 PDT"]
[Termination "wonderfultime won by resignation"]

1. d4 d5 2. c4 c6 3. Nc3 Nf6 4. e3 Bf5 5. cxd5 cxd5 6. Qb3 Nc6 7. Qxb7 Bd7 8. Qb3 Rb8 9. Qd1 e5 10. dxe5 Nxe5 11. Nge2 Bd6 12. Nf4 O-O 13. Be2 Bc6 14.
O-O Nc4 15. b3 Be5 16. bxc4 Bxc3 17. Ba3 Bxa1 18. Bxf8 Be5 19. Bc5 Qa5 20. Bd4 Bxd4 21. Qxd4 Qxa2 22. cxd5 Nxd5 23. Bc4 Nxf4 24. Qxf4 Qb2 25.
Qxf7+ Kh8 26. Qxa7 Ra8 27. Qc5 Bd7 28. h3 Rc8 29. Qe7 Bc6 30. Bd3 Re8 31. Qh4 Qb7 1-0

[Event "*** Titled Tuesday 3|2 Blitz"]
[Site "Chess.com"]
[Date "2016.09.06"]
[Round "4"]
[White "ChessFrois"]
[Black "steinitz_attack"]
[Result "1-0"]
[WhiteElo "2030"]
[BlackElo "1785"]
[TimeControl "180+2"]
[EndTime "17:45:11 PDT"]
[Termination "ChessFrois won by resignation"]

1. e4 Nf6 2. e5 Nd5 3. c4 Nb6 4.
d4 d6 5. Nf3 Bg4 6. Be2 Nc6 7.
exd6 exd6 8. O-O Be7 9. b3 O-O 10. Bb2 Bf6 11. Nbd2 Re8 12. h3 Bxf3 13. Nxf3 d5 14. c5 Nd7 15. Bd3 b6 16. Bb5 Ne7 17. cxb6 axb6 18. Bd3 c5 19. Qc2 g6 20. dxc5 Bxb2 21.
Qxb2 Nxc5 22. Rad1 Qc7 23. Bb1 Red8 24. Rfe1 Nc6 25.
Qf6 Rd6 26. Qh4 Ne6 27. Ng5 Nxg5 28. Qxg5 f6 29. Qg3 Ne5 30. f4 Qc5+ 31. Kh1 Nf7 32. Re7 Rad8 33. Bxg6 1-0

[Event "*** Titled Tuesday 3|2 Blitz"]
[Site "Chess.com"]
[Date "2016.09.06"]
[Round "4"]
[White "DanielNaroditsky"]
[Black "MbMaster"]
[Result "1-0"]
[WhiteElo "2723"]
[BlackElo "2321"]
[TimeControl "180+2"]
[EndTime "17:45:13 PDT"]
[Termination "DanielNaroditsky won by resignation"]

1. d4 Nf6 2. c4 g6 3. Nc3 Bg7 4.
e4 d6 5. f3 O-O 6. Be3 c5 7.
Nge2 Nc6 8. Qd2 Qa5 9. d5 Ne5 10.
Nc1 a6 11. Nb3 Qd8 12. a4 e6 13. Be2 exd5 14. cxd5 Rb8 15. O-O b5 16. axb5 axb5 17. Bxb5 Bd7 18. Bxd7 Rxb3 19. Bb5 Qb6 20. Ra6 Qb8 21.
Qe2 c4 22. Rb6 Qc7 23. Ra1 Nd3 24. Rc6 Qb8 25. Bxc4 Ne5 26. Bxb3 Nxc6 27. dxc6 Qxb3 28. Bd4 Rc8 29. Qb5 Qe6 30. Bf2 Ne8 31. Nd5 h5 32. Rc1 Kh7 33. c7 Qe5 34. Qb7 Qxb2 35. Qxb2 Bxb2 36. Rb1 Nxc7 37. Nb6 1-0

[Event "*** Titled Tuesday 3|2 Blitz"]
[Site "Chess.com"]
[Date "2016.09.06"]
[Round "4"]
[White "beastfromweast"]
[Black "IamSchrodingersCat"]
[Result "0-1"]
[WhiteElo "2298"]
[BlackElo "2268"]
[TimeControl "180+2"]
[EndTime "17:45:13 PDT"]
[Termination "IamSchrodingersCat won by checkmate"]

1. d4 Nf6 2. Nf3 e6 3. c4 d5 4.
Nc3 dxc4 5. a4 Bb4 6. e3 b6 7. Bxc4 Bb7 8. O-O O-O 9. Qb3 a5 10. Ne5 Nbd7 11. Bxe6 fxe6 12. Qxe6+ Kh8 13. Nf7+ Rxf7 14.
Qxf7 Nf8 15. Qc4 Ng6 16. Rd1 Bxc3 17. bxc3 Ng4 18. f3 Qh4 19. fxg4 Qxg4 20. Rd2 Ne5 21. Qe2 Nf3+ 22. Kh1 Rf8 23. Ba3 Qh4 24. g3 Nxd2+ 25.
Kg1 Qe4 26. Bxf8 Qh1+ 27. Kf2 Ne4# 0-1

[Event "*** Titled Tuesday 3|2 Blitz"]
[Site "Chess.com"]
[Date "2016.09.06"]
[Round "4"]
[White "AllStarShark"]
[Black "andryusha"]
[Result "1-0"]
[WhiteElo "2308"]
[BlackElo "2177"]
[TimeControl "180+2"]
[EndTime "17:45:33 PDT"]
[Termination "AllStarShark won by resignation"]

1. d4 d5 2. Bf4 c5 3. c3 Nc6 4. e3 Qb6 5. Qb3 Qxb3 6. axb3 cxd4 7.
exd4 f6 8. b4 e5 9. dxe5 fxe5 10. Be3 d4 11. Bd2 Nf6 12. Nf3 Bd6 13. Bc4 Bg4 14. Ng5 Ke7 15. h3 Bh5 16. b5 Nd8 17. g4 Bg6 18. cxd4 exd4 19. O-O h5 20. Re1+ Kd7 21. f3 Rc8 22. b3 hxg4 23. fxg4 Bg3 24.
Rf1 Bh4 25. Kg2 Rc5 26. Nf3 Be4 27. Bb4 Re5 28. Nd2 Ne6 29. Nxe4 Rxe4 30. Bxe6+ Kxe6 31. Nxh4 Rxh4 32. Rae1 Kd5 33. Rf5+ Ke6 34. Rxf6+ Kxf6 35. Rxe4 1-0

[Event "*** Titled Tuesday 3|2 Blitz"]
[Site "Chess.com"]
[Date "2016.09.06"]
[Round "4"]
[White "jposthuma"]
[Black "putinwarrior"]
[Result "0-1"]
[WhiteElo "2166"]
[BlackElo "2358"]
[TimeControl "180+2"]
[EndTime "17:45:40 PDT"]
[Termination "putinwarrior won by resignation"]

1. d4 Nf6 2. c4 c5 3. d5 e6 4. Nc3 exd5 5. Nxd5 d6 6. e4 Nxd5 7.
exd5 Be7 8. Bd3 O-O 9. Ne2 Nd7 10.
f4 Rb8 11. O-O a6 12. a4 b5 13. axb5 axb5 14. cxb5 Nb6 15. b3 Bf6 16. Ra7 Re8 17.
Bc4 Bd7 18. Ng3 Nc8 19. Ra2 Bxb5 20. Re1 Bd4+ 21. Kh1 Bxc4 22. bxc4 Nb6 23. Rxe8+ Qxe8 24. Nf5 Nxc4 25. Nxd4 cxd4 26. Qxd4 h6 27. Rc2 Nb6 28.
h3 Nd7 29. Bb2 Nf6 30. Rc6 Qe1+ 31. Kh2 Rb4 32. Qd3 Rxb2 33. Rc8+ Ne8 34. Qd4 Re2 35. Qa4 Kf8 36. Qd7 Qf2 37. Qxd6+ Kg8 38. Rxe8+ Rxe8 39. Qc6 Qxf4+ 40. g3 Re2+ 0-1

[Event "*** Titled Tuesday 3|2 Blitz"]
[Site "Chess.com"]
[Date "2016.09.06"]
[Round "4"]
[White "SidArun"]
[Black "fpawn"]
[Result "1-0"]
[WhiteElo "2015"]
[BlackElo "2180"]
[TimeControl "180+2"]
[EndTime "17:45:40 PDT"]
[Termination "SidArun won by resignation"]

1. e4 d5 2. exd5 Qxd5 3. Nf3 Bg4 4. Be2 c6 5. Nc3 Qd8 6. d4 Nf6 7. Be3 e6 8. h3 Bh5 9. g4 Bg6 10.
Ne5 Nbd7 11. f4 Be7 12. O-O Nxe5 13. dxe5 Ne4 14. f5 Ng3 15. fxg6 Nxf1 16. gxf7+ Kxf7 17. Qxf1+ Ke8 18. Bd3 Rf8 19. Qe2 g6 20. Rf1 Rxf1+ 21. Qxf1 Qa5 22. Qf4 Rd8 23. Bc4 Qb4 24. a3 Qxb2 25.
Bxe6 Rb8 26. Qf7+ Kd8 27. Bg5 Qxa3 28. Qf8+ Kc7 29. Qxe7+ Qxe7 30. Bxe7 Re8 31. Bd6+ Kb6 32. Bd7 Rg8 33. e6 1-0

[Event "*** Titled Tuesday 3|2 Blitz"]
[Site "Chess.com"]
[Date "2016.09.06"]
[Round "4"]
[White "Kouzari"]
[Black "E-Shaposhnikov"]
[Result "0-1"]
[WhiteElo "2463"]
[BlackElo "2671"]
[TimeControl "180+2"]
[EndTime "17:45:49 PDT"]
[Termination "E-Shaposhnikov won by resignation"]

1. d4 Nf6 2. c4 e6 3. Nc3 Bb4 4.
g3 d6 5. Bg2 O-O 6. Nf3 Nbd7 7.
O-O Bxc3 8. bxc3 Rb8 9. Bg5 b6 10. e4 Bb7 11. Nd2 e5 12. f4 h6 13. Bxf6 Nxf6 14.
fxe5 dxe5 15. d5 Qd6 16. Qe2 c6 17. Rf2 Rbc8 18. Raf1 Nd7 19. Qh5 Qe7 20. Nf3 cxd5 21. cxd5 Rxc3 22. Nh4 Qg5 23. Qe2 Rc1 24. Nf5 Rxf1+ 25.
Qxf1 Nc5 26. Nd6 Ba6 27. Qd1 g6 28. a4 Qe3 29. Nb5 Bxb5 30. axb5 Nd3 31. Qf3 Qxf2+ 32.
Qxf2 Nxf2 33. Kxf2 Rc8 34. Bh3 Rc2+ 35. Ke3 Kf8 36. d6 Rxh2 37. Bd7 Rg2 38. Kd3 h5 39. Kc4 Rd2 0-1

[Event "*** Titled Tuesday 3|2 Blitz"]
[Site "Chess.com"]
[Date "2016.09.06"]
[Round "4"]
[White "TrickyTrapChess"]
[Black "Bishops83"]
[Result "0-1"]
[WhiteElo "2128"]
[BlackElo "2260"]
[TimeControl "180+2"]
[EndTime "17:45:49 PDT"]
[Termination "Bishops83 won by resignation"]

1. d4 e6 2. e4 d5 3. Nd2 Nf6 4. e5 Nfd7 5. Bd3 c5 6. c3 Nc6 7. Ne2 cxd4 8. cxd4 f6 9. exf6 Nxf6 10. Nf3 Bd6 11. O-O Qc7 12. Ng3 O-O 13. Re1 e5 14.
dxe5 Nxe5 15. Nxe5 Bxe5 16. Qb3 Be6 17. Bd2 Ng4 18.
Rac1 Qf7 19. Re2 Rae8 20. Rce1 Qf6 21. Bc3 d4 22. h3 Bxb3 23. Bb4 Bd5 24. hxg4 Bxg3 25.
fxg3 Rxe2 26. Rxe2 Rc8 27. Bd2 Bxa2 28. g5 Qb6 29. b3 Bxb3 30. Bf5 d3+ 31. Rf2 Rc2 32.
Kf1 Qd4 33. Bg4 Qxg4 34. Kg1 Qd1+ 35. Kh2 Rxd2 36. Rf4 Qe2 0-1

[Event "*** Titled Tuesday 3|2 Blitz"]
[Site "Chess.com"]
[Date "2016.09.06"]
[Round "4"]
[White "CraiggoryC"]
[Black "goingin33"]
[Result "0-1"]
[WhiteElo "2030"]
[BlackElo "2188"]
[TimeControl "180+2"]
[EndTime "17:45:54 PDT"]
[Termination "goingin33 won on time"]

1. e4 e6 2. d4 d5 3. Nd2 Be7 4. Ngf3 Nf6 5. e5 Nfd7 6. Bd3 c5 7. c3 Nc6 8. O-O g5 9. dxc5 g4 10. Nd4 Ndxe5 11. N2b3 Nxd3 12. Qxd3 Bd7 13. Bf4 h5 14. Rfe1 Nxd4 15. Qxd4 Rg8 16. c4 Bc6 17. Rad1 Qd7 18. Bd6 dxc4 19. Qxc4 O-O-O 20. Na5 Bd5 21. Qb4 Bxd6 22.
cxd6 Qxd6 23. Qxd6 Rxd6 24. Nc4 Ra6 25. b3 Bxc4 26. Rc1 Rxa2 27. Rxc4+ Kb8 28. Rc5 Rc8 29.
Rxh5 Rcc2 30. Rf1 Re2 31. Rh8+ Kc7 32. Rh7 b5 33. Rxf7+ Kb6 34. Rd1 a5 35. h4 gxh3 36. Rdd7 hxg2 37. Kxg2 Kc5 38. Rc7+ Kb4 39. Rf3 e5 40. Rh7 e4 41. Rh4 Ka3 42. Rff4 e3 43.
Kf1 Rxf2+ 0-1

[Event "*** Titled Tuesday 3|2 Blitz"]
[Site "Chess.com"]
[Date "2016.09.06"]
[Round "4"]
[White "Kawhi_Leonard2"]
[Black "Iball95"]
[Result "1/2-1/2"]
[WhiteElo "2031"]
[BlackElo "2471"]
[TimeControl "180+2"]
[EndTime "17:45:54 PDT"]
[Termination "Game drawn by repetition"]

1. e4 e6 2. d4 d5 3. Nd2 Nc6 4. Ngf3 Nf6 5. e5 Nd7 6. Nb3 a5 7. a4 b6 8. Bb5 Na7 9. Bd3 c5 10.
c4 Bb7 11. O-O Be7 12. Re1 cxd4 13. Nbxd4 Nc5 14. Bf1 O-O 15. Bf4 Nc6 16. Nxc6 Bxc6 17. Nd4 Bb7 18. Qg4 Re8 19. Nf3 dxc4 20. Bxc4 Nd3 21.
Red1 Be4 22. Bh6 Bg6 23. Rxd3 Qc7 24. Bb5 gxh6 25. Bxe8 Rxe8 26. Rad1 h5 27. Qg3 h4 28.
Qg4 h5 29. Qd4 Bxd3 30. Qxd3 Rd8 31. Qe2 Rxd1+ 32. Qxd1 Qc4 33. h3 Bc5 34. Qd8+ Kg7 35.
Qg5+ Kf8 36. Qd8+ Kg7 37. Qg5+ Kf8 38. Qd8+ Kg7 39. Qg5+ Kf8 40. Qd8+ 1/2-1/2

[Event "*** Titled Tuesday 3|2 Blitz"]
[Site "Chess.com"]
[Date "2016.09.06"]
[Round "4"]
[White "tigra"]
[Black "danir29"]
[Result "1-0"]
[WhiteElo "2451"]
[BlackElo "2413"]
[TimeControl "180+2"]
[EndTime "17:46:01 PDT"]
[Termination "tigra won by resignation"]

1. e4 e5 2. f4 d5 3. exd5 exf4 4.
Bb5+ Bd7 5. Bc4 Nf6 6. Nc3 Bd6 7. Qe2+ Qe7 8. d4 g5 9. Qxe7+ Kxe7 10. Nf3 Rg8 11.
Bd2 Bg4 12. Nb5 Nbd7 13. O-O-O Kd8 14. Rde1 Bxf3 15. gxf3 Nb6 16. Nxd6 cxd6 17. Ba5 Rc8 18. b3 Rc7 19. h4 g4 20. fxg4 Nxg4 21. Rhf1 Ne3 22. Rxf4 Nexc4 23. bxc4 Rxc4 24. Rxf7 Rc7 25. Rxc7 Kxc7 26. Re7+ Kc8 27. Bxb6 axb6 28. Rxh7 Rg4 29. c3 Rg2 30. a4 Kb8 31. h5 Ka7 32.
Rh8 Rh2 33. h6 b5 34. axb5 Kb6 35. c4 Ka5 36. h7 Kb4 37. Kd1 Kc3 38. Ke1 Rh6 39.
c5 Kxd4 40. c6 bxc6 41. bxc6 Ke3 42. Re8+ Kd3 1-0